 Dungeon Crawl Stone Soup version 0.28.0-43-g3370ac3207 (webtiles) character file.

Game seed: 16570051930711186162

316 pkoi the Gusty (level 6, -10/45 HPs)
             Began as a Draconian Air Elementalist on Mar 15, 2022.
             Killed from afar by a steam dragon (18 damage)
             ... with a ball of steam
             ... on level 4 of the Dungeon.
             The game lasted 00:05:32 (4116 turns).

pkoi the Gusty (Draconian Air Elementalist)         Turns: 4116, Time: 00:05:32

Health: -10/45     AC:  6    Str: 10    XL:     6   Next: 20%
Magic:  10/10      EV: 12    Int: 17    God:
Gold:   160        SH:  0    Dex: 12    Spells: 3/11 levels left

rFire   . . .      SeeInvis .   l - +0 short sword (venom)
rCold   . . .      Faith    .   (no shield)
rNeg    . . .      Spirit   .   (armour unavailable)
rPois   .          Reflect  .   (helmet restricted)
rElec   .          Harm     .   (no cloak)
rCorr   .          Rampage  .   (no gloves)
Will    .....                   (no boots)
Stlth   ++........              (no amulet)
HPRegen 0.15/turn               b - ring of flight
MPRegen 0.12/turn               (no ring)

@: flying
A: AC +6, unfitting armour, cold-blooded
a: no special abilities


You were on level 4 of the Dungeon.
You visited 1 branch of the dungeon, and saw 4 of its levels.

You collected 160 gold pieces.

Inventory:

Hand Weapons
 a - a +0 whip
 h - a +2 dagger of speed
 l - a +0 short sword of venom (weapon)
 q - a +3 mace
Missiles
 k - 3 poisoned darts
Jewellery
 b - a ring of flight (left hand)
 e - a ring of fire
 i - an amulet of the acrobat
Scrolls
 d - a scroll of noise {unknown}
 f - 3 scrolls of identify {unknown}
 g - a scroll of teleportation {unknown}
 j - a scroll of amnesia {unknown}
 o - a scroll of fear {unknown}
Potions
 c - a potion of curing {unknown}
 m - 2 potions of attraction {unknown}
 n - a potion of heal wounds {unknown}
 p - a potion of flight {unknown}


   Skills:
 - Level 1.7 Dodging
 - Level 1.7 Stealth
 - Level 3.0 Spellcasting
 - Level 1.0 Conjurations
 * Level 6.5 Air Magic


You had 3 spell levels left.
You knew the following spells:

 Your Spells              Type           Power      Damage    Failure   Level
a - Shock                 Conj/Air       60%        1d6       3%          1
b - Swiftness             Air            24%        N/A       3%          3
c - Airstrike             Air            12%        N/A       12%         4

Your spell library contained the following spells:

 Spells                   Type           Power      Damage    Failure   Level
 Static Discharge         Conj/Air       15%        N/A       5%          2
 Animate Skeleton         Necr           4%         N/A       17%         1
 Pain                     Necr           8%         1d4       17%         1
 Vampiric Draining        Necr           2%         2d6       45%         3
 Summon Forest            Summ/Tloc      1%         N/A       99%         5
 Dispersal                Tloc           1%         N/A       100%        6
 Eringya's Noxious Bog    Tmut/Pois      1%         N/A       100%        6
 Summon Hydra             Summ           1%         N/A       100%        7
 Disjunction              Tloc           1%         N/A       100%        8


Dungeon Overview and Level Annotations

Branches:
Dungeon (4/15)
 Temple: D:4-7

Altars:
Uskayaw
Xom

Annotations:
D:4 Ijyb


Innate Abilities, Weirdness & Mutations

Your plain brown scales are hard. (AC +6)
You cannot fit into any form of body armour.
You are cold-blooded and may be slowed by cold attacks.


Message History

You punch the centaur, but do no damage.
The centaur is lightly wounded.
The centaur barely misses you.
The centaur kicks you but does no damage.
The centaur hits you.
* * * LOW HITPOINT WARNING * * *
The centaur kicks you but does no damage.
The phantom barely misses you.
You hit the centaur.
The centaur is poisoned.
The centaur is lightly wounded.
The centaur barely misses you.
The centaur kicks you but does no damage.
The phantom closely misses you. The centaur hits you.
* * * LOW HITPOINT WARNING * * *
The centaur closely misses you.
You barely miss the centaur.
Your tail-slap misses the centaur.
The centaur is lightly wounded.
The centaur closely misses you. The centaur barely misses you.
The phantom hits you.
* * * LOW HITPOINT WARNING * * *
The phantom blinks!
You blink.
A ball python and a steam dragon come into view.
Found a mace, 19 sling bullets and 6 gold pieces.
Unknown command.
The steam dragon hisses angrily.
The steam dragon breathes steam at you. The ball of steam hits you!
* * * LOW HITPOINT WARNING * * *
The ball python hisses angrily.
You hear a bark! x2; You hear a shout!
Unknown command.
The ball python closely misses you. The ball python barely misses you.
The phantom is engulfed in a cloud of scalding steam.
Ijyb the Twisted Goblin comes into view.
She is wielding a +0 dagger and carrying a wand of charming (6).
Ijyb shouts!
The ball python bites you but does no damage.
The ball python closely misses you.
The phantom is engulfed in a cloud of scalding steam.
The steam dragon breathes steam at you. The ball of steam hits you!!
You die...

......... #.........# ..
#...# .....g....# #.###..#
#..........# ##..##...
...........# ##...##..#
#..........# ##.....#...
#..........####..........
##...........##..........
#......§@S.#. #.....).#..
#....D§(W§§##.##...).....
.#......§§.§##.#.......#..
...........§##.......[.##.
............####.....<.##.
......$.>..## ##.....###.
...........# ##...## #.
.#...#####..#######..# #.
##.. #.........## #.


You could see a steam dragon (catching breath), a phantom, Ijyb and a ball
python.

Vanquished Creatures
  A scorpion (D:4)
  A water moccasin skeleton (D:4)
  A jelly (D:4)
  A bullfrog skeleton (D:3)
  Jessica (D:3)
  A hound skeleton (D:3)
  A howler monkey skeleton (D:4)
  3 adders
  A dart slug (D:1)
  A worm (D:2)
  An orc (D:4)
  10 bats
  6 endoplasms
  7 giant cockroaches
  5 goblins
  6 hobgoblins
  8 jackals
  5 kobolds
  A quokka (D:1)
  7 ball pythons
  5 frilled lizards
  3 rats
76 creatures vanquished.

Notes
Turn   | Place    | Note
-------+----------+-------------------------------------------
     0 | D:1      | pkoi the Draconian Air Elementalist began the quest for the
                  | Orb.
     0 | D:1      | Reached XP level 1. HP: 14/14 MP: 3/3
    74 | D:1      | Reached XP level 2. HP: 10/20 MP: 3/5
  1188 | D:1      | Reached XP level 3. HP: 26/26 MP: 1/6
  1238 | D:1      | Found a faded altar of an unknown god.
  1621 | D:2      | Reached skill level 4 in Air Magic
  1693 | D:2      | Found a shimmering altar of Xom.
  2723 | D:3      | Reached XP level 4. HP: 33/33 MP: 5/8
  2863 | D:3      | Learned a level 3 spell: Swiftness
  2868 | D:3      | Learned a level 4 spell: Airstrike
  3198 | D:3      | Found a hide-covered altar of Uskayaw.
  3258 | D:3      | Reached skill level 5 in Air Magic
  3355 | D:3      | Noticed Jessica
  3364 | D:3      | Killed Jessica
  3365 | D:3      | Reached XP level 5. HP: 32/38 MP: 1/9
  3753 | D:4      | Reached skill level 6 in Air Magic
  3852 | D:4      | Reached XP level 6. HP: 33/45 MP: 3/10
  4113 | D:4      | Noticed a steam dragon
  4116 | D:4      | Noticed Ijyb
  4116 | D:4      | Killed from afar by a steam dragon

Illustrated notes

Levels and vault maps discovered:
D:1:      wander_arrival_fairy_ring, layout_loops_ring,
          shapermc_ecumenical_altar_venn
D:2:      layout_rooms, basic_altar
D:3:      layout_rooms, mainiacjoe_overflow_surrounded_room, grunt_ministairs_5,
          kennysheep_generic_room_13, uniq_jessica
D:4:      layout_rooms, uniq_ijyb

Skill      XL: |  1  2  3  4  5 |
---------------+----------------+-----
Air Magic      | 4 5 6 |  6.5
Spellcasting   | 3 |  3.0
Dodging        | |  1.7
Stealth        | |  1.7
Conjurations   | |  1.0

Action                   |  1- 3 |  4- 6 || total
-------------------------+-------+-------++-------
Melee: Whip              |    32 |       ||    32
       Tailslap          |     7 |     5 ||    12
       Punch             |     2 |     1 ||     3
       Dagger            |    16 |     8 ||    24
       Short sword       |       |    20 ||    20
 Cast: Shock             |    92 |    83 ||   175
Armor: Skin              |    21 |    17 ||    38
Dodge: Dodged            |    20 |    36 ||    56
